 Dungeon Crawl Stone Soup version 0.27-a0-1154-gfdeffcb720 (webtiles) character file.

Game seed: 9830738251984072632

35546 daftaero the Basher (level 13, -5/187 HPs)
             Began as a Minotaur Berserker on May 14, 2021.
             Was a High Priest of Trog.
             Slain by Rupert
             ... wielding a +4 vampiric battleaxe
              (21 damage)
             ... on level 11 of the Dungeon.
             The game lasted 00:36:29 (16572 turns).

daftaero the Basher (Minotaur Berserker)           Turns: 16572, Time: 00:36:30

Health: -5/187     AC: 24    Str: 26    XL:     13   Next: 48%
Magic:  12/12      EV:  9    Int:  4    God:    Trog [*****.]
Gold:   911        SH:  5    Dex: 11    Spells: 12/12 levels left

rFire    + . .     SeeInvis .   H - +4 morningstar
rCold    . . .     Faith    .   x - +0 buckler {AC+3}
rNeg     . . .     Spirit   .   L - +2 chain mail {rF+}
rPois    .         Reflect  .   (helmet restricted)
rElec    .         Harm     .   w - +0 cloak
rCorr    .         Rampage  .   s - +0 pair of gloves
Will     .....                  (no boots)
Stlth    ..........             (no amulet)
HPRegen  0.41/turn              h - +4 ring of protection
MPRegen  0.13/turn              (no ring)

@: berserking, very quick
A: horns 2, retaliatory headbutt
a: Renounce Religion, Berserk, Trog's Hand, Brothers in Arms


You were on level 11 of the Dungeon.
You worshipped Trog.
Trog was extremely pleased with you.
You visited 1 branch of the dungeon, and saw 12 of its levels.
You also visited: Bailey.

You collected 911 gold pieces.

Inventory:

Hand Weapons
 t - a +0 fustibalus
 A - a +6 flail
 B - the +7 halberd of the Lesser Evil {vorpal, rF+ Dex+4}
   (You found it on level 8 of the Dungeon)

   It inflicts extra damage upon your enemies.
   It affects your dexterity (+4).
   It protects you from fire.
 C - a +4 scimitar of flaming
 H - a +4 morningstar (weapon)
Missiles
 a - 3 throwing nets
 e - 39 sling bullets
 j - 68 poisoned darts (quivered)
 G - 4 curare-tipped darts
Armour
 s - a +0 pair of gloves (worn)
 w - a +0 cloak (worn)
 x - a +0 buckler of protection (worn)
 L - a +2 chain mail of fire resistance (worn)
Jewellery
 h - a +4 ring of protection (left hand)
Wands
 f - a wand of flame (43)
 k - a wand of iceblast (8)
 E - a wand of polymorph (13)
Scrolls
 g - a scroll of magic mapping
 m - a scroll of enchant weapon
 p - 3 scrolls of teleportation
 v - 2 scrolls of fog {unknown}
 y - a scroll of fear {unknown}
 z - 3 scrolls of enchant armour {unknown}
 I - a scroll of acquirement
 J - a scroll of blinking
 K - a scroll of holy word
Potions
 b - 2 potions of might
 c - a potion of attraction
 d - a potion of cancellation {unknown}
 i - a potion of berserk rage
 l - a potion of brilliance
 n - 5 potions of curing
 o - 3 potions of flight
 q - a potion of heal wounds
 r - a potion of magic
 u - 3 potions of degeneration
 F - a potion of mutation


   Skills:
 + Level 14.3 Fighting
 + Level 14.4 Maces & Flails
 + Level 8.4 Slings
 + Level 12.6 Armour
 - Level 2.1 Dodging
 - Level 6.8 Shields


You had 12 spell levels left.
You didn't know any spells.
Your spell library was empty.

Dungeon Overview and Level Annotations

Branches:
Dungeon (12/15)            Temple (0/1) D:6            Lair (0/6) D:9
    Orc (0/2) D:11         Bailey (visited)

Altars:
Ashenzari
Cheibriados
Elyvilon
Gozag
Kikubaaqudgha
Makhleb
Qazlal
Ru
Sif Muna
Wu Jian
Yredelemnul
Zin
The Shining One
Beogh

Shops:
D:1 *   D:2 :[   D:4 (

Portals:
Trove: D:10 (show abyssal rune of Zot)

Annotations:
D:11 Rupert
D:12 Jorgrun


Innate Abilities, Weirdness & Mutations

You have a pair of horns on your head.
You reflexively headbutt those who attack you in melee.


Message History

Rupert is lightly wounded.
Rupert hits you but does no damage.
You barely miss Rupert. You headbutt Rupert.
Rupert is lightly wounded.
Rupert barely misses you. Rupert completely misses you.
You furiously retaliate!
You headbutt Rupert! You bludgeon Rupert!!
Rupert is moderately wounded.
Rupert hits you with a +4 vampiric battleaxe!
Rupert draws strength from your wounds!
You puncture Rupert!
Rupert is moderately wounded.
You block Rupert's attack.
You closely miss Rupert.
Rupert is moderately wounded.
Rupert hits you with a +4 vampiric battleaxe.
Rupert draws strength from your wounds!
You bludgeon Rupert!! You headbutt Rupert.
Rupert is moderately wounded.
Rupert hits you but does no damage.
You hit Rupert.
Rupert is moderately wounded.
Rupert hits you with a +4 vampiric battleaxe!!
Rupert draws strength from your wounds!
Rupert hits you with a +4 vampiric battleaxe!!!
* * * LOW HITPOINT WARNING * * *
Rupert draws strength from your wounds!
A red film seems to cover your vision as you go berserk!
You feel yourself moving faster!
You feel mighty!
Rupert hits you with a +4 vampiric battleaxe!
* * * LOW HITPOINT WARNING * * *
You sock Rupert!
Rupert is moderately wounded.
Rupert hits you with a +4 vampiric battleaxe!
* * * LOW HITPOINT WARNING * * *
Rupert draws strength from your wounds!
You puncture Rupert! You headbutt Rupert!!
Rupert is heavily wounded.
Rupert hits you with a +4 vampiric battleaxe!!
You die...

#.# ######'#### #.#
#..# #.# #.## #.#
#.# ##'### #.#
.....# #####'######
.....####..........#
.....'.##..........#
.....#.##......@@..#
...^.#..#..........#
.....##.'.[........#
.....####..........#
###### #..........#
######'##### #..#
####'######
#.........#


You could see Rupert (berserk, very poisoned).

Vanquished Creatures
  Harold (D:6)
  A hydra (D:11)
  An ogre mage (D:10)
  A boulder beetle (D:12)
  Erica (D:11)
  3 centaur warriors (D:10)
  2 two-headed ogres (D:9)
  Nergalle (D:10)
  A manticore (D:10)
  A cyclops (D:10)
  Maurice (D:8)
  Maggie (D:10)
  A kobold demonologist (D:12)
  3 trolls
  Grinder (D:3)
  2 hornets
  A slime creature (D:10)
  Sigmund (D:2)
  3 yaks (D:9)
  3 wraiths
  4 wyverns
  3 wargs (D:9)
  2 steam dragons
  2 acid dragons (D:10)
  Duvessa (D:7)
  3 black bears
  3 water moccasins
  15 orc warriors
  3 sky beasts
  A necrophage (D:7)
  3 ogres
  13 centaurs
  3 kobold brigands
  2 bullfrogs
  3 scorpions
  A wyvern zombie (D:6)
  Dowan (D:7)
  2 wyvern skeletons (D:6)
  12 killer bees
  11 wights
  A howler monkey (D:10)
  3 electric eels (D:10)
  A bullfrog zombie (D:5)
  11 centaur zombies
  2 hounds (D:5)
  4 orc priests
  An iron imp (D:11)
  A human zombie (D:10)
  Jessica (D:2)
  13 orc wizards
  A scorpion zombie (D:5)
  A hound skeleton (D:4)
  2 mummies (D:10)
  3 howler monkey zombies
  Robin (D:3)
  4 gnolls (D:4)
  A howler monkey skeleton (D:5)
  4 adders
  A shadow imp (D:8)
  An ufetubus (D:5)
  An adder skeleton (D:5)
  6 worms
  2 dart slugs
  85 orcs
  2 ball pythons
  6 endoplasms
  3 giant cockroaches
  7 goblins
  14 hobgoblins
  10 jackals
  2 quokkas
  4 bats
  6 frilled lizards
  12 kobolds
  6 rats
341 creatures vanquished.

Vanquished Creatures (collateral kills)
  A skeletal warrior (D:10)
1 creature vanquished.

Vanquished Creatures (others)
  A hound (D:6)
  3 plants
4 creatures vanquished.

Grand Total: 346 creatures vanquished

Notes
Turn   | Place    | Note
-------+----------+-------------------------------------------
     0 | D:1      | daftaero the Minotaur Berserker began the quest for the
                  | Orb.
     0 | D:1      | Reached XP level 1. HP: 19/19 MP: 0/0
   488 | D:1      | Reached XP level 2. HP: 27/27 MP: 1/1
   605 | D:1      | Found Coyxitt's Assorted Antiques.
   936 | D:1      | Reached XP level 3. HP: 32/34 MP: 2/2
  1210 | D:2      | Noticed Jessica
  1685 | D:2      | Killed Jessica
  1686 | D:2      | Reached skill level 5 in Fighting
  1686 | D:2      | Reached skill level 5 in Maces & Flails
  1686 | D:2      | Reached XP level 4. HP: 42/42 MP: 3/3
  1745 | D:2      | Found Wahuaxah's Armour Boutique.
  1755 | D:2      | Reached ** piety under Trog
  1784 | D:2      | Found Hoijof's Book Boutique.
  2021 | D:2      | Noticed Sigmund
  2031 | D:2      | Killed Sigmund
  2032 | D:2      | Reached XP level 5. HP: 50/50 MP: 4/4
  2061 | D:2      | Found a faded altar of an unknown god.
  2445 | D:3      | Reached XP level 6. HP: 49/57 MP: 5/5
  2607 | D:3      | Noticed a sky beast
  2617 | D:3      | Killed a sky beast
  2725 | D:3      | Noticed Robin
  2758 | D:3      | Killed Robin
  2946 | D:3      | Noticed Grinder
  2961 | D:3      | Killed Grinder
  2962 | D:3      | Reached XP level 7. HP: 27/66 MP: 6/6
  3941 | D:4      | Reached *** piety under Trog
  4342 | D:4      | Found Noff's Antique Weapon Shoppe.
  4717 | D:5      | Entered Level 5 of the Dungeon
  4954 | D:5      | Reached XP level 8. HP: 70/75 MP: 7/7
  4999 | D:5      | Found a shimmering blue altar of Sif Muna.
  5554 | D:5      | Found a glowing golden altar of the Shining One.
  5554 | D:5      | Found a glowing silver altar of Zin.
  5554 | D:5      | Found a white marble altar of Elyvilon.
  5982 | D:6      | Reached skill level 5 in Armour
  6293 | D:6      | Found a stormy altar of Qazlal.
  6739 | D:6      | Reached skill level 1 in Shields
  6739 | D:6      | Reached XP level 9. HP: 67/85 MP: 8/8
  6823 | D:6      | Found a runed translucent door.
  6824 | D:6      | Found a basalt altar of Yredelemnul.
  6861 | D:6      | Reached skill level 10 in Fighting
  6861 | D:6      | Reached skill level 10 in Maces & Flails
  6995 | D:6      | Found a staircase to the Ecumenical Temple.
  7485 | D:6      | Found a snail-covered altar of Cheibriados.
  7686 | D:7      | Noticed Harold
  7711 | D:6      | Killed Harold
  7788 | D:7      | Noticed Duvessa
  7788 | D:7      | Noticed Dowan
  7816 | D:7      | Killed Duvessa
  7822 | D:7      | Killed Dowan
  7936 | D:7      | Found an opulent altar of Gozag.
  7937 | D:7      | Found a broken altar of Ashenzari.
  8115 | D:7      | Identified a scroll of acquirement
  8115 | D:7      | Acquired a +4 ring of protection
  8167 | D:7      | Reached XP level 10. HP: 90/94 MP: 9/9
  8209 | D:7      | Reached skill level 5 in Shields
  8774 | D:8      | Found a runed translucent door.
  8802 | D:8      | Noticed Maurice
  8806 | D:8      | Paralysed by a hornet for 2 turns
  8816 | D:8      | Killed Maurice
  8853 | D:8      | Reached **** piety under Trog
  8885 | D:8      | Found a flagged portal.
  8891 | D:8      | Identified the +7 halberd of the Lesser Evil {vorpal, rF+
                  | Dex+4}
  8894 | D:8      | Identified the +2 halberd of Dismemberment {antimagic, rF-
                  | rCorr Int+4 Dex+2 Stlth+}
  8901 | Bailey   | Entered a bailey
 11212 | D:9      | Reached skill level 1 in Slings
 11594 | D:9      | Noticed a two-headed ogre
 11611 | D:9      | Killed a two-headed ogre
 11612 | D:9      | Reached XP level 11. HP: 79/104 MP: 10/10
 11879 | D:9      | Reached ***** piety under Trog
 11962 | D:9      | Received a gift from Trog
 12047 | D:9      | Found a staircase to the Lair.
 12348 | D:10     | Entered Level 10 of the Dungeon
 12436 | D:10     | Found an ornate altar of the Wu Jian Council.
 12491 | D:10     | Found a burning altar of Makhleb.
 12683 | D:10     | Noticed a two-headed ogre
 12702 | D:9      | Killed a two-headed ogre
 12703 | D:9      | Reached skill level 10 in Armour
 13048 | D:10     | Noticed a centaur warrior
 13048 | D:10     | Noticed a centaur warrior
 13083 | D:10     | Killed a centaur warrior
 13322 | D:10     | Noticed a centaur warrior
 13339 | D:10     | Killed a centaur warrior
 13592 | D:10     | Found a portal to a secret trove of treasure.
 13677 | D:10     | Noticed a skeletal warrior
 13700 | D:10     | Killed a centaur warrior
 13701 | D:10     | Reached skill level 5 in Slings
 13714 | D:10     | Killed a skeletal warrior
 14208 | D:10     | Found an ancient bone altar of Kikubaaqudgha.
 14256 | D:10     | Reached XP level 12. HP: 106/115 MP: 11/11
 14324 | D:10     | Noticed an ogre mage
 14343 | D:10     | Killed an ogre mage
 14647 | D:10     | Found a sacrificial altar of Ru.
 14647 | D:10     | Noticed Nergalle
 14659 | D:10     | Killed Nergalle
 14788 | D:10     | Noticed Maggie
 14800 | D:10     | Killed Maggie
 15098 | D:11     | Paralysed by a hornet for 1 turns
 15249 | D:11     | Found a staircase to the Orcish Mines.
 15418 | D:11     | Noticed Erica
 15428 | D:11     | Killed Erica
 15486 | D:11     | Noticed a five-headed hydra
 15500 | D:11     | Killed a five-headed hydra
 15773 | D:11     | Found a snail-covered altar of Cheibriados.
 15787 | D:11     | Reached XP level 13. HP: 124/124 MP: 12/12
 16048 | D:8      | Received a gift from Trog
 16528 | D:12     | Noticed Rupert
 16528 | D:12     | Noticed Jorgrun
 16572 | D:11     | Slain by Rupert

Illustrated notes

Levels and vault maps discovered:
D:1:      dpeg_arrival_solitude, layout_loops_cross, serial_shops,
          nicolae_shop_stone
D:2:      layout_rooms, hellmonk_ecumenical_altar_slurped_away, serial_shops,
          shop_fountains, shop, uniq_jessica, uniq_sigmund
D:3:      layout_loops_corners, item_on_display_a, uniq_robin, uniq_grinder
D:4:      layout_basic, serial_shops, shop
D:5:      layout_basic, good_gods_mini_temple, kennysheep_mini
D:6:      layout_loops_ring, nicolae_qazlal_general_emergency,
          dk_yredelemnul_ordeal, general_overflow_altar,
          minmay_temple_entry_sparse_star
D:7:      layout_basic, grunt_temple_overflow_open, dk_noncrumbling_4,
          uniq_duvessa, uniq_harold
D:8:      layout_basic, enter_bailey_2, minivault_11, lightli_church_of_beogh,
          uniq_maurice
D:9:      layout_small_grid, erik_lair_orcish_takeover,
          hangedman_corner_corridor
D:10:     minmay_the_grid_four_pointed_star
          [minmay_the_grid_triangle_9x9_corruption,
          minmay_the_grid_triangle_9x9_steps,
          minmay_the_grid_triangle_9x9_pentomino_pain,
          minmay_the_grid_triangle_9x9_swiss_cheese,
          minmay_the_grid_prize_inner_circle], layout_gridville,
          lemuel_mausoleum_altar_kikubaaqudgha, bloody_makhleb,
          old_standard_altar, overflow_temple_1_default, serial_bayou,
          serial_bayou_ford_a, trove_entry_hex_spiral, uniq_maggie,
          uniq_nergalle
D:11:     layout_roguey, hiddenorc2_lemuel, slow_altar_2, uniq_erica
D:12:     layout_roguey [special_room_bee], nicolae_benzene_ring,
          kennysheep_small_circle, uniq_jorgrun, uniq_rupert, uniq_frances

Skill      XL: |  1  2  3  4  5  6  7  8  9 10 11 12 |
---------------+-------------------------------------+-----
Fighting       | 4 5 6 7 8 9 10 12 13 14 | 14.3
Maces & Flails | 4 5 6 7 8 9 10 12 13 14 | 14.4
Armour         | 3 6 7 9 11 12 | 12.6
Shields        | 1 4 6 |  6.8
Slings         | 2 5 8 |  8.4
Dodging        | |  2.1

Action                   |  1- 3 |  4- 6 |  7- 9 | 10-12 | 13-15 || total
-------------------------+-------+-------+-------+-------+-------++-------
Melee: Mace              |    81 |    97 |   126 |       |       ||   304
       Headbutt          |    10 |    20 |    58 |   110 |    16 ||   214
       Hand axe          |       |       |    23 |       |       ||    23
       Flail             |       |       |    71 |   350 |       ||   421
       Morningstar       |       |       |       |   104 |    86 ||   190
       Fustibalus        |       |       |       |     1 |       ||     1
 Fire: Fustibalus        |       |       |       |    94 |       ||    94
Throw: Dart              |       |       |     5 |    22 |     9 ||    36
Invok: Berserk           |     1 |     3 |     5 |     5 |     2 ||    16
       Brothers in Arms  |       |       |       |     1 |       ||     1
Evoke: Wand              |       |       |       |       |     1 ||     1
  Use: Scroll            |       |       |     6 |    14 |       ||    20
       Potion            |       |       |       |     1 |       ||     1
Armor: Animal skin       |    18 |    10 |     3 |       |       ||    31
       Chain mail        |       |       |   114 |   118 |    47 ||   279
       Scale mail        |       |       |       |   169 |       ||   169
Dodge: Dodged            |    64 |    43 |    79 |   215 |    39 ||   440
Block: Buckler           |       |       |    12 |   106 |    21 ||   139

Table legend: (Time is in decaauts)
 A = Elapsed time spent in this place.
 B = Non-inter-level travel time spent in this place.
 C = Inter-level travel time spent in this place.
 D = Time resting spent in this place.
 E = Time spent auto-exploring this place.
 F = Levels seen in this place.
 G = Mean time per level.
                   A        B        C        D        E       F      G
               +--------+--------+--------+--------+--------+-----+--------+
         Total |  16679 |  16164 |    515 |   2200 |  10294 |  13 | 1283.0 |
       Dungeon |  15362 |  14847 |    515 |   2200 |   9519 |  12 | 1280.2 |
        Bailey |   1316 |   1316 |      0 |      0 |    774 |   1 | 1316.0 |
               +--------+--------+--------+--------+--------+-----+--------+

Top non-repeatable levels by time:
    D:10: 2469 daAuts
     D:6: 1732 daAuts
     D:1: 1637 daAuts
     D:8: 1546 daAuts
     D:9: 1425 daAuts
     D:3: 1423 daAuts
  Bailey: 1316 daAuts
     D:5: 1243 daAuts
     D:4: 1166 daAuts
     D:7: 983 daAuts
    D:11: 948 daAuts
     D:2: 572 daAuts
    D:12: 214 daAuts
